 Dungeon Sprint DCSS version 0.15.2 (webtiles) character file.

2940 MordorOrchid the Hoplite (level 9, -6/57 HPs)
             Began as a Gargoyle Healer on July 5, 2020.
             Mangled by a red ugly thing (13 damage)
             ... in the Dungeon (Sprint V: "Ziggurat Sprint").
             The game lasted 00:07:23 (286 turns).

MordorOrchid the Hoplite (Gargoyle Healer)           Turns: 286, Time: 00:07:23

HP  -6/57        AC  9     Str 31      XL: 9   Next: 80%
MP  22/22        EV  9     Int 16      God:
Gold 0           SH 32     Dex  9      Spells:  0 memorised,  8 levels left

rFire  . . .     SeeInvis +     z - +14 obsidian axe {chop, +Fly Str+3 SInv Curse}
rCold  . . .     Clarity  .     a - +1 robe
rNeg   + + .     rCorr    .     A - +18 shield of the gong {rElec rN+ MR+ EV-5}
rPois  +         rRot     +     (no helmet)
rElec  +         Spirit   .     (no cloak)
SustAb .         Warding  .     (no gloves)
rMut   .         NoTele   +     (no boots)
Gourm  .                        (no amulet)
MR     +....                    y - +6 ring of strength
                                x - +6 ring of strength

@: mesmerised, very slightly contaminated, invisible, somewhat resistant to
hostile enchantments, very unstealthy
A: negative energy resistance 1, electricity resistance, unbreathing,
petrification resistance, rot immunity, AC +5
a: Evoke Flight


You were in the Dungeon.
You were not hungry.

You visited 1 branch

Inventory:

Hand weapons
 z - the cursed +14 obsidian axe (weapon) {chop, +Fly Str+3 SInv Curse}
   (You found it in the Dungeon)

   It inflicts extra damage upon your enemies.
   It affects your strength (+3).
   It enhances your eyesight.
   It lets you fly.
   It may recurse itself when equipped.
   It has a curse placed upon it.
 M - a +5 broad axe
 N - a +5 quick blade
Missiles
 L - 1000 arrows
Armour
 a - a +1 robe (worn)
 A - the +18 shield of the gong (worn) {rElec rN+ MR+ EV-5}
   (You found it in the Dungeon)

   It affects your evasion (-5).
   It insulates you from electricity.
   It protects you from negative energy.
   It affects your resistance to hostile enchantments.
 K - a +5 gold dragon armour
 R - a +0 helmet of intelligence
 S - a +0 pair of gloves of archery
 W - a +2 robe of magic resistance
Magical devices
 m - a wand of heal wounds (5)
 p - a wand of disintegration (7)
 q - a wand of fire (5)
 r - a wand of cold (5)
 U - a wand of polymorph (1) {unknown}
 Z - a wand of confusion (14) {unknown}
Comestibles
 d - 6 bread rations
 B - 42 fruits
 C - 4 meat rations
 O - a rotting chunk of porcupine flesh
 V - 3 chunks of human flesh
Scrolls
 h - 4 scrolls of blinking
 D - 4 scrolls of amnesia
 E - 3 scrolls of recharging
 F - 7 scrolls of fog
 G - a scroll of holy word
 H - 5 scrolls of identify
 I - 5 scrolls of remove curse
 J - 2 scrolls of fear
Jewellery
 j - the ring "Yzuh" {+Blink Dex+6}
   (You found it in the Dungeon)

   [ring of dexterity]

   It affects your dexterity (+6).
   It lets you blink.
 v - a +6 ring of intelligence
 w - a +6 ring of intelligence
 x - a +6 ring of strength (left hand)
 y - a +6 ring of strength (right hand)
 Q - an uncursed amulet of the gourmand
Potions
 b - 13 potions of curing
 c - 12 potions of heal wounds
 e - 4 potions of haste
 f - 7 potions of magic
 g - 3 potions of berserk rage
 i - 2 potions of brilliance
 k - 2 potions of restore abilities
 l - 4 potions of resistance
 n - 4 potions of agility
 o - 4 potions of might
Books
 t - a tome of Destruction
 P - a book of Geomancy

   Spells                             Type                      Level
   Sandblast                          Earth                        1
   Stoneskin                          Transmutation/Earth          2
   Passwall                           Transmutation/Earth          3
   Stone Arrow                        Conjuration/Earth            3
   Petrify                            Transmutation/Earth          4
   Lee's Rapid Deconstruction         Earth                        5
 X - a book of Party Tricks

   Spells                             Type                      Level
   Summon Butterflies                 Summoning                    1
   Apportation                        Translocation                1
   Blink                              Translocation                2
   Tukima's Dance                     Hexes                        3
   Alistair's Intoxication            Transmutation/Poison         4
Magical staves
 s - an uncursed staff of energy
Miscellaneous
 u - a disc of storms


   Skills:
 * Level 7.6 Fighting
 * Level 7.8 Axes
 * Level 7.2 Armour
 + Level 7.3 Dodging
 * Level 13.0 Shields
   Level 10.0 Invocations
 * Level 6.4 Evocations


You had 8 spell levels left.
You didn't know any spells.

Dungeon Overview and Level Annotations

Branches:
Dungeon (1/1)

Altars:
Ashenzari
Cheibriados
Dithmenos
Elyvilon
Fedhas
Kikubaaqudgha
Makhleb
Nemelex Xobeh
Okawaru
Qazlal
Sif Muna
Trog
Vehumet
Xom
Yredelemnul
Zin
The Shining One
Beogh
Jiyva
Lugonu


Innate Abilities, Weirdness & Mutations

You are resistant to torment.
You are immune to poison.
Your stone body is very resilient (AC +5).
You resist negative energy.
You are resistant to electric shocks.
You can survive without breathing.
You are immune to petrification.
You are immune to rotting.


Message History

The water moccasin is almost dead.
You completely miss the soldier ant. You slash the white ugly thing!
The white ugly thing is heavily wounded.
You slash the green ugly thing!
The green ugly thing is moderately wounded.
Visions of slaying the red ugly thing flood into your mind.
You block the water moccasin's attack.
BOUMMMMG!
The red ugly thing stings you.
You are engulfed in flames!!
You block the white ugly thing's attack.
GONNNNG!
Your neqoxec hits the green ugly thing! The soldier ant barely misses you.
You block the water moccasin's attack.
GONNNNG!
The green ugly thing tentacle-slaps you!
* * * LOW HITPOINT WARNING * * *
The red ugly thing stings you.
* * * LOW HITPOINT WARNING * * *
You are engulfed in flames!
You die...

▓........▓........▓
▓.▓....▓.▓........▓
▓........▓........▓
▓▓▓▓▓▓▓▓▓▓▓▓▓▓▓▓▓▓▓
▓...8©8...▓..8©8..▓
▓..[[?[...▓..)))..▓
▓...:}3...▓..)))..▓
▓...auu5..▓.......▓
▓...S@....▓.......▓
▓....u....▓.......▓
▓.........▓.......▓
▓.........▓.▓...▓.▓
▓.........▓.......▓
▓▓▓▓▓▓▓▓▓▓▓▓▓▓▓▓▓▓▓
▓..8©8..▓ ▓..=.}..▓
▓..44=..▓


You could see 3 ugly things, a soldier ant, a water moccasin shaped shifter, a
friendly neqoxec and a friendly quasit.

Vanquished Creatures
  An ugly thing (D)
  2 spiny frogs (D)
  A queen bee (shapeshifter) (D)
  A yak (shapeshifter) (D)
  A wyvern (shapeshifter) (D)
  A wolf (D)
  2 porcupines (D)
  2 orc warriors (D)
  A porcupine (shapeshifter) (D)
  A phantom (D)
  A black bear (shapeshifter) (D)
  A necrophage (D)
  Sigmund (D)
  Blork the orc (D)
  A giant frog (D)
  3 scorpions (D)
  Dowan (D)
  Crazy Yiuf (D)
  An orc priest (D)
  2 orc wizards (D)
  Jessica (D)
  A giant mite (D)
  An orc (D)
  A rat zombie (D)
30 creatures vanquished.

Vanquished Creatures (collateral kills)
  A green rat (D)
  A quokka (D)
2 creatures vanquished.

Vanquished Creatures (others)
  Grinder (D)
1 creature vanquished.

Grand Total: 33 creatures vanquished

Notes
Turn   | Place    | Note
--------------------------------------------------------------
     0 | D        | MordorOrchid, the Gargoyle Healer, began the quest for the Orb.
     0 | D        | Reached XP level 1. HP: 12/12 MP: 2/2
     0 | D        | Found a roughly hewn altar of Beogh.
     0 | D        | Found a corrupted altar of Lugonu.
     1 | D        | Found a white marble altar of Elyvilon.
     1 | D        | Found an ancient bone altar of Kikubaaqudgha.
     2 | D        | Found a burning altar of Makhleb.
     2 | D        | Found an iron altar of Okawaru.
     4 | D        | Found a sparkling altar of Nemelex Xobeh.
     4 | D        | Found a deep blue altar of Sif Muna.
     6 | D        | Found a bloodstained altar of Trog.
    21 | D        | Found a radiant altar of Vehumet.
    30 | D        | Found a basalt altar of Yredelemnul.
    31 | D        | Found a shimmering altar of Xom.
    56 | D        | Entered arena 1.
    56 | D        | Noticed a giant frog
    56 | D        | Noticed a porcupine
    57 | D        | Was placed under penance by Elyvilon
    58 | D        | Killed a giant frog
    58 | D        | Reached skill level 7 in Invocations
    58 | D        | Reached XP level 2. HP: 13/16 MP: 3/6
    58 | D        | Reached XP level 3. HP: 16/20 MP: 4/8
    58 | D        | Killed a porcupine
    58 | D        | Reached skill level 10 in Invocations
    58 | D        | Reached XP level 4. HP: 20/25 MP: 5/13
    58 | D        | Reached XP level 5. HP: 23/29 MP: 5/15
    71 | D        | Reached skill level 10 in Shields
    71 | D        | Reached XP level 6. HP: 28/34 MP: 7/18
    97 | D        | Entered arena 2.
    97 | D        | Noticed a necrophage
    97 | D        | Noticed a phantom
   104 | D        | Killed a phantom
   104 | D        | Reached skill level 1 in Axes
   104 | D        | Reached skill level 1 in Armour
   104 | D        | Reached skill level 5 in Dodging
   104 | D        | Reached skill level 11 in Shields
   104 | D        | Reached skill level 1 in Evocations
   108 | D        | Killed a necrophage
   108 | D        | Reached XP level 7. HP: 28/40 MP: 17/19
   172 | D        | Entered arena 3.
   172 | D        | Noticed a scorpion
   172 | D        | Noticed a scorpion
   172 | D        | Noticed a scorpion
   178 | D        | Killed a scorpion
   179 | D        | Killed a scorpion
   179 | D        | Killed a scorpion
   183 | D        | Entered arena 4.
   183 | D        | Noticed a wyvern
   183 | D        | Noticed a black bear
   183 | D        | Noticed a cyan ugly thing
   183 | D        | Noticed a porcupine
   187 | D        | Fell from the grace of Elyvilon
   187 | D        | Killed a porcupine
   189 | D        | Killed a black bear
   192 | D        | Killed a cyan ugly thing
   192 | D        | Reached skill level 5 in Fighting
   192 | D        | Reached skill level 5 in Armour
   192 | D        | Reached skill level 12 in Shields
   192 | D        | Reached XP level 8. HP: 45/49 MP: 21/21
   192 | D        | Killed a wyvern
   195 | D        | Identified the Disquisition on the Hurtful Blaze (You found it in the Dungeon)
   196 | D        | Entered arena 5.
   196 | D        | Noticed Sigmund
   196 | D        | Noticed Jessica
   196 | D        | Noticed Blork the orc
   196 | D        | Noticed Crazy Yiuf
   196 | D        | Noticed Dowan
   199 | D        | Killed Crazy Yiuf
   201 | D        | Killed Sigmund
   201 | D        | Reached skill level 5 in Axes
   201 | D        | Reached skill level 5 in Evocations
   203 | D        | Killed Blork the orc
   203 | D        | Killed Dowan
   206 | D        | Killed Jessica
   234 | D        | Entered arena 6.
   234 | D        | Noticed an orc priest
   234 | D        | Noticed an orc wizard
   234 | D        | Noticed an orc wizard
   234 | D        | Noticed an orc warrior
   234 | D        | Noticed an orc warrior
   240 | D        | Killed an orc warrior
   240 | D        | Reached XP level 9. HP: 55/55 MP: 22/22
   240 | D        | Killed an orc warrior
   240 | D        | Killed an orc wizard
   242 | D        | Killed an orc wizard
   242 | D        | Killed an orc priest
   244 | D        | Got the ring "Yzuh" {+Blink Dex+6}
   246 | D        | Entered arena 7.
   246 | D        | Noticed a porcupine
   246 | D        | Noticed a spiny frog
   246 | D        | Noticed a spiny frog
   246 | D        | Noticed a wolf
   251 | D        | Killed a wolf
   255 | D        | Killed a spiny frog
   255 | D        | Killed a porcupine
   255 | D        | Killed a spiny frog
   270 | D        | Identified the Almanac of Hexes (You found it in the Dungeon)
   274 | D        | Entered arena 8.
   274 | D        | Noticed a green ugly thing
   274 | D        | Noticed a human
   274 | D        | Noticed a white ugly thing
   274 | D        | Noticed a harpy
   274 | D        | Noticed a soldier ant
   274 | D        | Noticed a red ugly thing
   274 | D        | Noticed a queen bee
   281 | D        | a human changed into a water moccasin
   281 | D        | a harpy changed into a yak
   283 | D        | Killed Grinder
   284 | D        | Killed a queen bee
   286 | D        | Reached skill level 13 in Shields
   286 | D        | Mangled by a red ugly thing

Action                   |  1- 3 |  4- 6 |  7- 9 || total
-------------------------+-------+-------+-------++-------
Melee: Broad axe         |     2 |     9 |    30 ||    41
Evoke: Disc of storms    |       |     1 |       ||     1
  Use: Potion            |       |     1 |     6 ||     7
 Stab: Sleeping          |       |       |    14 ||    14
       Invisible         |       |       |     5 ||     5
